Map: Heavy Artillery LE

Players

Massa - Winner!

  • Race: Terran Terran
  • League: Gold
  • Spawn Location: 1:00

qqq - Winner!

  • Race: Protoss Protoss
  • Spawn Location: 3:00

whiskynoob

  • Race: Terran Terran
  • Spawn Location: 7:00

RageKit

  • Race: Zerg Zerg
  • League: Platinum
  • Spawn Location: 7:00

VOD

Have the link to the VOD?

Description

Time

  • Played on: June 27, 2020, 8:04 a.m.
  • Length: 26:04
Show
View Real Time Build Order
Export as new Build Order

Massa Terran - Winner!

Build Orders:  

Get SALT Encoding   

  12  0:07  SCV  
  13  0:19  SCV  
  14  0:23  Supply Depot  
  14  0:31  SCV  
  14  0:33  Refinery  
  15  0:45  SCV  
  16  0:51  Barracks  
  16  0:57  SCV  
  17  1:09  SCV  
  18  1:28  SCV  
  18  1:31  Barracks  
  19  1:41  SCV  
  19  1:43  Marine  
  19  1:46  Bunker  
  21  1:49  Barracks  
  21  2:01  Marine  
  21  2:02  SCV  
  23  2:19  Supply Depot  
  23  2:25  Supply Depot  
  23  2:30  Supply Depot  
  23  2:38  Orbital Command  
  23  2:40  Marine x2  
  25  2:53  Marine  
  25  2:57  Factory  
  25  2:58  Marine  
  27  3:28  Supply Depot  
  27  3:33  SCV  
  27  3:34  Command Center  
  28  3:45  SCV  
  28  3:46  Factory Tech Lab  
  29  3:51  Barracks Tech Lab  
  29  3:52  Marine x2  
  31  4:10  Marine x2  
  33  4:25  Siege Tank  
  33  4:27  Marauder  
  33  4:28  Marine x2, Stimpack  
  33  4:30  SCV  
  41  4:42  SCV  
  42  4:47  Barracks Reactor  
  42  4:49  Marauder  
  44  4:54  SCV  
  45  5:07  SCV  
  46  5:15  Marauder, Marine  
  46  5:19  SCV  
  50  5:27  SCV  
  51  5:30  Refinery  
  51  5:31  SCV  
  51  5:32  Marine  
  51  5:34  Supply Depot  
  53  5:36  Marauder  
  53  5:39  SCV  
  56  5:43  SCV  
  56  5:44  Siege Tank  
  60  5:50  Marine  
  60  5:55  SCV  
  60  5:56  Bunker  
  62  5:57  Marauder, Supply Depot  
  62  5:58  Orbital Command  
  64  6:04  Engineering Bay  
  64  6:07  SCV  
  65  6:19  SCV, Marauder  
  65  6:21  Supply Depot  
  65  6:25  SCV  
  69  6:31  SCV  
  70  6:43  SCV  
  71  6:55  SCV  
  72  7:02  Siege Tank  
  72  7:07  Command Center  
  75  7:12  Missile Turret  
  75  7:18  Missile Turret  
  75  7:25  Supply Depot  
  75  7:31  Armory, Missile Turret  
  75  7:32  Terran Infantry Weapons Level 1  
  75  7:36  Starport  
  75  7:39  Missile Turret  
  75  7:41  Siege Tank  
  75  7:42  Marauder  
  80  7:45  Marine x3  
  80  7:48  Supply Depot  
  83  7:51  Missile Turret  
  83  7:59  Missile Turret  
  83  8:02  Marine  
  83  8:03  Marine x2  
  83  8:04  Marauder  
  88  8:11  Missile Turret  
  88  8:12  Supply Depot  
  86  8:20  Marine  
  86  8:22  Widow Mine  
  89  8:34  Supply Depot  
  89  8:39  Barracks Tech Lab  
  86  8:44  Widow Mine  
  85  9:05  Widow Mine  
  85  9:07  Missile Turret  
  87  9:11  Medivac  
  89  9:26  Thor  
  89  9:27  Missile Turret  
  56  9:47  Marauder x2, Marine  
  56  9:48  Marine  
  62  10:05  Marine x2  
  62  10:06  Supply Depot  
  64  10:08  Marauder x2  
  64  10:09  Widow Mine  
  70  10:17  Refinery  
  70  10:23  Marine x2  
  72  10:28  Supply Depot  
  72  10:29  Marauder x2  
  72  10:31  Widow Mine  
  78  10:41  Marine x2  
  80  10:51  Marauder x2  
  80  10:52  Siege Tank  
  81  10:58  Marine  
  82  11:12  Marauder x2  
  80  11:20  Marine  
  80  11:21  Marine  
  80  11:25  Thor  
  85  11:33  Marauder  
  85  11:34  Marauder  
  85  11:38  Marine  
  85  11:39  Marine  
  91  11:46  SCV  
  92  11:48  SCV x2  
  94  11:55  Marauder x2  
  94  11:56  Marine x2  
  94  11:58  SCV  
  94  12:00  SCV x2  
  103  12:09  Refinery  
  103  12:10  SCV  
  103  12:12  SCV  
  103  12:13  SCV  
  103  12:14  Marine x2  
  103  12:15  Command Center  
  108  12:16  Marauder x2  
  108  12:18  Command Center  
  108  12:19  Thor  
  108  12:22  SCV, Terran Vehicle And Ship Armor Level 1  
  118  12:24  SCV  
  118  12:25  SCV  
  121  12:36  SCV  
  123  12:37  SCV, Marine  
  123  12:38  Marauder  
  124  12:54  Missile Turret  
  124  12:55  Missile Turret  
  102  13:30  Starport Tech Lab  
  91  14:19  SCV x2  
  93  14:31  SCV  
  90  14:43  SCV  
  90  14:55  SCV  
  91  15:07  SCV  
  91  15:08  Marauder x2  
  91  15:09  Marine x2  
  91  15:12  Planetary Fortress  
  98  15:19  SCV  
  77  15:27  Marine x2  
  79  15:29  Marauder x2  
  79  15:31  SCV  
  84  15:37  Command Center, Thor  
  84  15:39  Raven  
  92  15:43  SCV  
  92  15:45  Marine x2  
  95  15:50  Marauder  
  95  15:51  Marauder  
  95  15:53  Sensor Tower  
  95  15:56  SCV  
  100  16:02  Marine  
  100  16:03  Marine  
  102  16:12  Marauder x2  
  106  16:19  Thor  
  106  16:20  Marine  
  106  16:21  Marine  
  106  16:22  Medivac  
  110  16:33  Marauder  
  110  16:34  Marauder  
  110  16:38  Marine x2  
  76  16:55  Marauder x2  
  76  16:56  Marine x2  
  82  17:02  Thor  
  88  17:14  Marine x2  
  90  17:16  Marauder x2  
  90  17:17  Refinery x2  
  93  17:31  Marine  
  93  17:32  Marine  
  93  17:35  Command Center  
  95  17:37  Marauder  
  95  17:38  Marauder  
  88  17:59  Marauder x2  
  65  18:13  Marine  
  65  18:14  Marine  
  65  18:19  Widow Mine  
  69  18:20  Marauder  
  69  18:21  Marauder  
  73  18:31  Marine  
  73  18:32  Marine  
  75  18:40  Widow Mine  
  62  18:41  Marauder  
  62  18:42  Marauder  
  57  18:49  Marine x2  
  57  18:54  Orbital Command  
  59  18:59  SCV  
  59  19:01  Siege Tank  
  59  19:03  Marauder x2  
  59  19:07  Marine x2  
  65  19:11  SCV  
  66  19:23  SCV  
  67  19:24  Marauder  
  67  19:25  Marauder, Marine x2  
  73  19:35  SCV  
  73  19:38  Medivac  
  76  19:42  Marine  
  76  19:43  Marine  
  78  19:46  Marauder x2  
  82  20:00  Marine  
  82  20:01  Marine  
  82  20:04  Command Center  
  84  20:07  Marauder x2  
  84  20:08  Medivac  
  90  20:18  Marine  
  91  20:27  Marine  
  94  20:28  Marauder, Thor  
  94  20:29  Marauder  
  102  20:36  Marine  
  103  20:45  Marine  
  106  20:50  Marauder x2  
  106  20:54  Marine  
  109  21:03  Marine  
  112  21:11  Marauder, Marine, Thor  
  112  21:12  Marauder  
  121  21:21  Marine  
  121  21:24  Terran Infantry Armor Level 1  
  122  21:27  Engineering Bay  
  122  21:30  Terran Vehicle And Ship Armor Level 2  
  124  21:33  Marauder x2  
  124  21:39  Marine x2  
  128  21:43  SCV x4  
  132  21:53  Marine  
  133  21:54  Armory, Marauder  
  133  21:55  SCV x2  
  133  21:56  SCV, Marine  
  133  21:57  SCV, Marine  
  141  22:07  SCV x2  
  143  22:09  SCV  
  143  22:12  Marauder  
  143  22:14  Marine  
  147  22:27  Command Center  
  147  22:42  SCV x2  
  147  23:03  Orbital Command, Supply Depot x2  
  147  23:04  Supply Depot  
  147  23:24  Marine x3  
  147  23:25  SCV x3, Marauder  
  155  23:27  Supply Depot  
  155  23:29  Supply Depot  
  155  23:31  Supply Depot  
  155  23:37  SCV x4  
  155  23:41  Orbital Command  
  159  23:42  Marine x2  
  159  23:46  Marine, Terran Vehicle Weapons Level 1  
  162  23:49  SCV x4  
  162  23:51  Supply Depot  
  162  23:54  Supply Depot  
  166  23:56  Command Center  
  166  23:58  Supply Depot  
  166  24:01  SCV x4  
  170  24:04  Marine  
  171  24:13  SCV x3  
  171  24:14  SCV  
  175  24:25  SCV  
  175  24:27  Command Center  
  176  24:37  SCV  
  177  24:49  SCV  
  177  24:51  Sensor Tower  
  178  25:03  Sensor Tower  
  178  25:19  Sensor Tower  
  178  25:20  Sensor Tower  
  178  25:35  Sensor Tower  
  178  25:36  Refinery  
  178  25:37  Refinery, Sensor Tower  
  178  25:44  Refinery  
Show
View Real Time Build Order
Export as new Build Order

qqq Protoss - Winner!

Build Orders: 1 Gate Expand, Carriers 

Get SALT Encoding   

  12  0:01  Probe  
  13  0:19  Probe  
  13  0:20  Pylon  
  14  0:27  Pylon  
  14  0:31  Probe  
  15  0:51  Gateway  
  15  1:13  Pylon  
  15  1:14  Probe  
  16  1:26  Probe  
  17  1:38  Probe  
  18  1:42  Nexus  
  18  1:53  Forge  
  18  2:01  Cybernetics Core  
  18  2:07  Assimilator  
  18  2:08  Probe  
  19  2:19  Assimilator  
  19  2:20  Probe  
  20  2:33  Probe  
  21  2:45  Probe  
  22  2:55  Photon Cannon  
  22  2:57  Probe  
  23  3:00  Photon Cannon  
  23  3:09  Probe  
  23  3:10  Probe  
  24  3:22  Probe  
  24  3:25  Stargate  
  25  3:34  Probe  
  25  3:40  Stargate  
  26  3:46  Probe  
  27  3:53  Stalker  
  27  3:58  Probe  
  30  4:11  Probe  
  31  4:19  Phoenix  
  31  4:23  Probe, Phoenix  
  36  4:35  Probe  
  37  4:41  Assimilator  
  37  4:42  Nexus  
  37  4:43  Assimilator  
  37  4:46  Phoenix  
  37  4:47  Probe  
  40  4:59  Probe  
  41  5:19  Pylon  
  41  5:23  Probe  
  42  5:35  Probe  
  42  5:36  Phoenix x2  
  47  5:48  Probe  
  48  5:50  Photon Cannon  
  48  5:52  Pylon  
  48  5:54  Pylon  
  48  5:59  Pylon  
  48  6:00  Probe  
  48  6:01  Phoenix  
  51  6:07  Phoenix  
  51  6:11  Probe  
  54  6:12  Probe  
  55  6:25  Phoenix  
  55  6:27  Protoss Air Weapons Level 1  
  55  6:32  Phoenix  
  51  6:50  Phoenix  
  51  6:57  Phoenix  
  53  7:03  Probe x2  
  55  7:15  Probe x2, Phoenix  
  57  7:22  Phoenix  
  61  7:26  Pylon  
  61  7:27  Probe x2  
  63  7:39  Probe x2  
  65  7:46  Fleet Beacon  
  65  7:49  Photon Cannon  
  65  7:51  Probe x2  
  65  7:53  Photon Cannon  
  65  7:56  Phoenix  
  65  7:58  Phoenix  
  69  8:03  Probe  
  69  8:04  Probe  
  73  8:15  Probe  
  74  8:23  Phoenix  
  76  8:35  Protoss Air Armor Level 1  
  76  8:41  Probe x2  
  76  8:45  Pylon  
  78  8:50  Stargate  
  78  8:51  Assimilator  
  78  8:53  Probe  
  80  8:55  Assimilator  
  80  8:59  Pylon  
  79  9:05  Probe  
  79  9:06  Anion Pulse-Crystals  
  80  9:11  Pylon  
  80  9:14  Pylon  
  80  9:16  Photon Cannon  
  80  9:17  Pylon  
  80  9:18  Probe, Tempest, Carrier  
  92  9:30  Probe  
  93  9:42  Probe  
  90  10:04  Phoenix  
  90  10:19  Nexus  
  90  10:21  Pylon  
  90  10:22  Phoenix  
  90  10:24  Pylon  
  90  10:28  Pylon  
  92  10:29  Phoenix  
  92  10:30  Pylon  
  94  10:38  Probe, Photon Cannon  
  95  10:46  Phoenix  
  95  10:47  Carrier  
  103  10:50  Probe  
  103  10:54  Phoenix  
  103  10:55  Stargate  
  105  10:58  Stargate  
  105  11:02  Probe  
  99  11:12  Carrier  
  99  11:14  Probe  
  106  11:26  Probe  
  113  11:47  Carrier  
  113  11:48  Nexus  
  113  11:51  Phoenix, Pylon  
  113  11:53  Phoenix x2, Pylon  
  119  11:56  Pylon  
  119  12:00  Pylon  
  119  12:02  Probe  
  120  12:14  Probe  
  121  12:16  Carrier, Phoenix  
  121  12:17  Protoss Air Weapons Level 2  
  121  12:18  Phoenix  
  121  12:21  Pylon  
  131  12:26  Probe  
  131  12:28  Phoenix  
  134  12:36  Photon Cannon  
  134  12:38  Probe  
  134  12:39  Photon Cannon  
  134  12:41  Carrier  
  134  12:42  Photon Cannon  
  139  12:44  Shield Battery  
  139  12:50  Probe, Photon Cannon  
  126  13:14  Carrier x2  
  136  13:22  Probe, Photon Cannon  
  137  13:27  Mothership  
  137  13:29  Robotics Facility  
  137  13:34  Probe  
  146  13:46  Probe  
  147  13:48  Tempest x2  
  157  13:58  Probe  
  157  14:01  Carrier  
  164  14:10  Probe  
  165  14:18  Assimilator  
  165  14:22  Assimilator  
  165  14:35  Tempest, Carrier, Nexus  
  165  14:36  Phoenix  
  165  14:37  Photon Cannon  
  178  14:39  Photon Cannon  
  178  14:47  Observer  
  179  15:08  Tempest x2  
  179  15:09  Observer, Phoenix  
  179  15:12  Probe  
  193  15:20  Pylon  
  193  15:22  Pylon  
  193  15:23  Photon Cannon  
  193  15:24  Shield Battery  
  193  15:25  Probe  
  193  15:27  Shield Battery  
  194  15:28  Photon Cannon  
  194  15:37  Probe  
  195  15:42  Pylon  
  195  15:49  Probe  
  196  15:59  Pylon  
  196  16:01  Probe, Pylon  
  197  16:04  Pylon  
  197  16:08  Photon Cannon  
  197  16:13  Probe  
  197  16:15  Protoss Air Weapons Level 3  
  194  16:38  Carrier  
  194  17:07  Pylon  
  194  17:13  Probe, Pylon  
  195  17:18  Photon Cannon  
  195  17:19  Pylon  
  195  17:20  Shield Battery  
  195  17:23  Shield Battery  
  195  17:24  Pylon  
  195  17:25  Probe  
  195  17:26  Pylon  
  196  17:38  Probe  
  196  17:39  Pylon  
  196  17:43  Pylon  
  191  17:52  Pylon  
  191  17:58  Pylon  
  191  18:07  Pylon  
  191  18:14  Pylon  
  191  18:30  Photon Cannon  
  191  18:32  Pylon  
  191  18:35  Photon Cannon  
  191  18:38  Photon Cannon  
  191  18:52  Photon Cannon  
  188  18:57  Carrier  
  190  19:10  Protoss Air Armor Level 2  
  190  19:35  Carrier  
  196  19:43  Photon Cannon  
  196  19:46  Photon Cannon  
  196  19:50  Photon Cannon  
  196  19:51  Shield Battery  
  196  19:53  Shield Battery  
  196  20:05  Pylon  
  196  20:12  Pylon  
  196  20:14  Pylon  
  196  20:18  Pylon  
  196  20:20  Pylon  
  196  20:30  Photon Cannon  
  196  20:33  Photon Cannon  
  196  20:39  Photon Cannon  
  196  20:42  Photon Cannon  
  196  20:48  Photon Cannon  
  192  20:54  Photon Cannon  
  192  20:58  Photon Cannon  
  192  21:00  Photon Cannon, Pylon  
  192  21:16  Photon Cannon  
  192  21:18  Photon Cannon  
  192  21:20  Photon Cannon  
  192  21:23  Photon Cannon  
  192  21:25  Photon Cannon  
  192  21:27  Photon Cannon  
  192  21:29  Photon Cannon  
  192  21:31  Shield Battery  
  190  21:34  Shield Battery  
  190  21:36  Shield Battery  
  190  21:39  Shield Battery  
  190  21:41  Photon Cannon  
  186  24:08  Pylon  
  186  24:11  Pylon  
  186  24:16  Pylon  
  186  24:22  Pylon  
  186  24:27  Pylon  
  186  24:32  Pylon  
  186  24:39  Pylon  
  186  24:42  Pylon  
  186  24:56  Pylon  
  186  25:00  Pylon  
  186  25:05  Pylon  
  186  25:09  Pylon  
  186  25:15  Pylon  
  186  25:36  Pylon  
  186  25:40  Pylon  
  186  25:44  Pylon  
  186  25:48  Pylon x2  
  186  25:52  Pylon  
  186  25:58  Pylon  
  186  26:04  Pylon  
Show
View Real Time Build Order
Export as new Build Order

whiskynoob Terran 

Build Orders:  

Get SALT Encoding   

  12  0:04  SCV  
  13  0:16  SCV  
  14  0:29  SCV  
  14  0:31  Refinery  
  15  0:36  Supply Depot  
  15  0:57  SCV  
  16  1:09  SCV  
  17  1:16  Barracks  
  17  1:19  Barracks  
  17  1:22  SCV  
  18  1:30  Supply Depot  
  18  1:34  SCV  
  18  1:39  Refinery  
  19  1:53  Supply Depot  
  19  2:02  SCV  
  20  2:09  Barracks Reactor  
  20  2:12  Barracks Tech Lab  
  20  2:16  Factory  
  21  2:22  SCV  
  21  2:34  Reaper  
  22  2:45  Reaper x2  
  24  2:54  Orbital Command  
  24  3:01  Starport  
  24  3:03  Widow Mine  
  26  3:10  Marine  
  27  3:27  Marine x2  
  27  3:33  Combat Shield  
  29  3:45  Marine x2  
  31  4:02  Marine  
  31  4:03  Marine  
  33  4:14  Marauder  
  35  4:20  Marine x2  
  37  4:26  Widow Mine  
  39  4:35  Medivac  
  39  4:36  Marauder  
  39  4:37  Supply Depot  
  43  5:00  Supply Depot  
  43  5:05  Widow Mine, Medivac  
  46  5:23  Supply Depot  
  46  5:27  Widow Mine  
  48  5:42  Marine x3  
  51  5:54  Command Center  
  51  6:00  Marine x3  
  54  6:18  Marine x3  
  56  6:19  Engineering Bay  
  57  6:35  Marine  
  57  6:36  Marine x2  
  55  6:53  Marine x2  
  55  6:54  Marine  
  46  7:01  Terran Infantry Weapons Level 1  
  46  7:08  Medivac  
  48  7:11  Marine x2  
  50  7:20  Supply Depot  
  50  7:38  Medivac  
  50  7:43  Supply Depot  
  52  7:57  Stimpack  
  52  8:00  Marine  
  52  8:01  Marine x2  
  55  8:07  Medivac  
  57  8:16  Refinery  
  57  8:18  Marine  
  57  8:19  Marine x2  
  53  8:36  Marine x3  
  53  8:41  Factory Tech Lab  
  51  8:50  Factory  
  51  8:51  Starport Tech Lab  
  51  8:54  Marine x3  
  52  9:12  Marine  
  37  9:45  Marine  
  37  9:46  Marine x2  
  40  10:03  Marine  
  40  10:04  Marine x2  
  43  10:21  Armory, Marine x3  
  46  10:34  SCV  
  47  10:39  Marine x3  
  50  10:46  SCV  
  51  10:57  Marine x3  
  51  10:58  SCV  
  55  11:10  SCV  
  56  11:12  Thor x2  
  56  11:14  Marine  
  56  11:15  Marine x2  
  71  11:19  Terran Vehicle Weapons Level 1  
  71  11:23  SCV  
  60  11:32  Marine  
  54  11:33  Marine x2  
  55  11:50  Marine x2  
  55  11:51  Marine  
  58  11:56  Thor x2  
  70  12:08  Marine x3  
  73  12:26  Marine x3  
  76  12:39  Thor x2  
  76  12:41  Command Center  
  88  12:44  Marine  
  89  13:26  Thor x2  
  101  13:36  Supply Depot  
  56  14:08  SCV  
  59  14:10  Widow Mine  
  59  14:20  SCV  
  60  14:32  SCV  
  60  14:34  Thor  
  67  14:44  SCV  
  68  14:54  Thor  
  68  14:56  SCV  
  75  15:00  Terran Vehicle And Ship Armor Level 1  
  75  15:25  SCV  
  76  15:28  Planetary Fortress  
  76  15:37  SCV  
  76  15:39  Thor  
  76  15:40  Thor  
  89  15:49  SCV  
  90  16:01  SCV  
  91  16:09  SCV  
  92  16:13  SCV  
  93  16:21  SCV  
  94  16:33  SCV  
  89  16:45  SCV  
  60  16:49  Thor x2  
  60  16:53  Terran Vehicle Weapons Level 2  
  72  16:57  SCV  
  73  17:08  Refinery  
  73  17:17  Refinery  
  73  17:29  Refinery  
  73  17:38  Thor  
  73  17:43  Marine  
  73  17:44  Marine x2  
  54  18:01  Marine x3  
  57  18:19  Marine x3  
  51  18:33  Viking  
  44  19:08  Barracks  
  44  19:50  Thor x2  
  29  21:28  Command Center  
  29  21:30  Command Center  
  29  21:32  Command Center  
  29  21:37  Command Center  
  29  21:41  Command Center  
  29  21:46  Command Center x2  
  29  21:54  Command Center  
  29  22:02  Command Center  
Show
View Real Time Build Order
Export as new Build Order

RageKit Zerg 

Build Orders: Pool First, Muta Ling Bane, Swarm Host 

Get SALT Encoding   

  12  0:01  Drone  
  13  0:12  Overlord  
  13  0:18  Drone  
  14  0:31  Drone x2  
  16  0:36  Drone  
  17  0:49  Extractor, Drone  
  17  0:59  Drone, Spawning Pool  
  17  1:17  Hatchery  
  16  1:22  Drone  
  16  1:25  Drone  
  18  1:32  Drone  
  19  1:39  Overlord  
  19  1:50  Metabolic Boost  
  19  1:55  Queen  
  21  2:06  Zergling x4  
  23  2:11  Drone  
  24  2:36  Queen  
  26  2:37  Queen  
  26  2:39  Overlord  
  26  2:40  Drone  
  26  2:43  Drone  
  26  2:44  Drone  
  31  2:51  Drone x2  
  33  3:09  Zergling x2  
  33  3:10  Zergling x8  
  37  3:17  Overlord  
  37  3:22  Drone  
  38  3:33  Drone x3  
  41  3:42  Hatchery  
  40  3:50  Drone  
  40  3:52  Drone x4  
  40  3:53  Drone  
  46  3:55  Drone  
  46  3:56  Drone x2  
  46  4:00  Drone  
  46  4:01  Drone  
  51  4:04  Extractor  
  51  4:06  Extractor  
  51  4:08  Lair  
  49  4:13  Spore Crawler  
  49  4:16  Spore Crawler  
  47  4:19  Drone x3  
  50  4:28  Drone x2  
  50  4:31  Overlord x2  
  52  4:37  Overlord x2  
  53  4:52  Drone  
  53  4:53  Drone x4  
  53  4:58  Drone  
  53  4:59  Drone, Queen  
  60  5:20  Drone x2  
  60  5:21  Drone x6  
  62  5:26  Spire  
  62  5:27  Drone x3  
  66  5:33  Spore Crawler  
  65  5:37  Overlord  
  65  5:38  Overlord  
  65  5:42  Evolution Chamber  
  64  5:43  Evolution Chamber  
  64  5:48  Extractor  
  62  5:50  Extractor, Overlord x3  
  61  6:11  Zerg Melee Weapons Level 1, Zerg Ground Armor Level 1  
  61  6:15  Baneling Nest  
  60  6:22  Drone x3  
  60  6:23  Extractor  
  62  6:37  Mutalisk x2  
  62  6:38  Mutalisk x6  
  78  6:50  Drone x2  
  78  6:51  Drone x3  
  82  6:58  Mutalisk x2  
  86  7:11  Overlord x2  
  86  7:12  Overlord  
  86  7:17  Infestation Pit  
  86  7:19  Zergling x2  
  86  7:20  Zergling x24  
  98  7:25  Centrifical Hooks  
  98  7:30  Mutalisk x2  
  98  7:35  Overlord  
  102  7:43  Zerg Flyer Weapons Level 1  
  102  7:44  Drone x3  
  104  7:48  Drone  
  106  8:01  Mutalisk x4  
  112  8:24  Hatchery  
  111  8:28  Zerg Ground Armor Level 2, Zerg Missile Weapons Level 1  
  111  8:32  Hydralisk Den  
  110  8:43  Zergling x2  
  110  8:44  Zergling x28  
  125  8:49  Baneling x13  
  125  9:01  Spore Crawler x3  
  122  9:07  Zergling x18  
  122  9:08  Zergling x6  
  96  9:38  Hydralisk x2  
  96  9:39  Hydralisk x5  
  104  9:52  Spore Crawler x2  
  104  9:57  Hydralisk x4  
  104  9:58  Hydralisk  
  110  10:08  Hive  
  110  10:12  Grooved Spines  
  110  10:16  Drone x2, Spore Crawler  
  110  10:17  Drone x4  
  110  10:21  Spore Crawler  
  114  10:22  Spore Crawler x2  
  114  10:23  Spore Crawler  
  114  10:25  Drone  
  114  10:26  Drone x9  
  121  10:36  Overlord x3  
  121  10:38  Pneumatized Carapace  
  121  10:40  Zerg Missile Weapons Level 2  
  121  10:43  Overlord x2  
  121  10:44  Overlord  
  110  11:06  Zerg Melee Weapons Level 2  
  74  11:24  Muscular Augments  
  68  11:35  Swarm Host  
  68  11:36  Swarm Host x5  
  113  11:42  Queen x2  
  113  11:43  Queen  
  119  11:50  Zergling x14  
  126  11:56  Queen  
  128  12:08  Zergling x8  
  132  12:15  Hatchery  
  131  12:16  Greater Spire  
  131  12:18  Zergling x2  
  131  12:19  Zergling x12  
  138  12:33  Hydralisk x6  
  138  12:34  Hydralisk  
  146  13:25  Burrow  
  146  13:26  Overlord x3  
  146  13:27  Overlord x6  
  146  13:28  Overlord x5  
  146  13:42  Zerg Missile Weapons Level 3, Zerg Ground Armor Level 3  
  146  13:49  Zergling x2  
  146  13:50  Zergling x14  
  154  14:08  Zergling x2  
  154  14:09  Zergling x20  
  165  14:11  Baneling  
  165  14:12  Baneling x17  
  165  14:13  Baneling x17  
  162  14:43  Hydralisk  
  162  14:44  Hydralisk x11  
  185  15:11  Hydralisk x2  
  185  15:12  Hydralisk x4  
  197  15:16  Drone x19  
  197  15:17  Drone x5  
  197  15:37  Zergling x2  
  197  15:38  Zergling x4  
  197  15:41  Extractor  
  197  15:42  Extractor  
  198  15:52  Baneling x7  
  198  15:53  Baneling x5  
  198  16:00  Hatchery  
  193  16:16  Hatchery  
  184  16:26  Hatchery  
  108  16:42  Viper  
  108  16:46  Zergling x2  
  116  16:47  Zergling x26  
  125  17:19  Corruptor x5  
  134  17:36  Extractor  
  133  17:38  Extractor  
  133  17:39  Hydralisk  
  133  17:40  Hydralisk x5  
  133  17:43  Extractor  
  140  17:45  Extractor  
  139  17:51  Zergling x2  
  139  17:52  Zergling x20  
  131  18:09  Drone x3  
  127  18:13  Drone x3  
  119  18:25  Viper x2  
  76  19:33  Drone  
  76  19:34  Drone x8  
  61  19:53  Drone x3  
  64  20:00  Viper x3  
  68  20:14  Spore Crawler  
  68  20:15  Spore Crawler x2  
  68  20:16  Spore Crawler  
  68  20:17  Spore Crawler x2  
  68  20:19  Spore Crawler  
  68  20:20  Spore Crawler x4  
  68  20:21  Spore Crawler x2  
Tags
 
Add a new tag
Caveats
  • Supply blocks, unpowered buildings, or Contaminate may cause inaccurate times.
  • Supply counts are checked every 10 seconds.